cohdb
Replays
Latest Replays
All Replays
Popular Replays
Top Player Replays
Match Explorer
How It Works
Community
CoH3 Stats
Reddit
Sign in to upload your games and track your stats! →
Sign in with Steam
Match 31673705
Unlisted
Match 31673705
Overview
Messages
Build Orders
End
Construct Infanterie Kompanie
MG 42 Machine Gun Team
GrW 34 Mortar Team
Grenadier Squad
Grenadier Squad
Infanterie Officer Quarters
Selects Luftwaffe Battlegroup
Selects Stuka Strafing Run
Medical Station
Stuka Strafing Run
Grenadier Squad
Construct Luftwaffe Kompanie
Selects Luftwaffe Pioneer Support
Selects Fallschirmjäger Squad Paradrop
Flak 30 Anti-aircraft Gun Team
路易十六
simhap
qazqaz0240
luchianohan
gUi
BillTheDood
0
0
Comments
sign in to comment!
No comments posted yet!